[ AOE2 MATCH · #505540682 ]
UnrankedPersians vs Vietnamese
Player's team · WIN
Rival team · LOSS
[ REPLAY ANALYSIS · EXTRACTED FROM THE RECORDED GAME ]
Feudal
12:33
Castle
22:29
Imperial
—
| APM avg | 56.8 |
| APM peak | 83 |
| eAPM avg | 22.9 |
| Villagers / military | 118 / 56 |
Focus
⚔️ 30.5% · 🌾 69.5%
Skirmisher ×27 · Knight ×18 · Militia ×7 · Monk ×3 · Spearman ×1
Feudal
9:51
Castle
23:46
Imperial
—
| APM avg | 69.7 |
| APM peak | 119 |
| eAPM avg | 29.6 |
| Villagers / military | 95 / 70 |
Focus
⚔️ 35.4% · 🌾 64.6%
Archer ×53 · Skirmisher ×5 · Militia ×4 · Mangonel ×4 · Fire Lancer ×4
Match map
Initial resources + every placement click. Lines = walls · curves = elevation contours. ◆ gold · ⬟ stone · ● berries · ✦ relic · ◌ wall gap
Your base· ✓ Closed at 22:29 · 57t walls · 1 gate(s)
DL | Lich's base· Open — 6t gap
Smoothed initial terrain · ◌ = detected wall gap · hover for details
Inputs per minute
— Sir Poopsalot - - DL | Lich
Build order — Sir Poopsalot
First 150 of 317 actions detected
| 0:00 | Queue | Villager (Male) ×5 |
| 0:01 | Build | House |
| 0:02 | Build | House |
| 1:16 | Build | Lumber Camp |
| 1:29 | Queue | Villager (Male) |
| 1:57 | Build | Palisade Wall |
| 2:04 | Build | Palisade Wall |
| 2:14 | Queue | Villager (Male) |
| 2:33 | Queue | Villager (Male) |
| 3:02 | Queue | Villager (Male) |
| 3:04 | Queue | Villager (Male) |
| 3:25 | Build | House |
| 3:47 | Queue | Villager (Male) |
| 3:50 | Build | Barracks |
| 4:18 | Queue | Villager (Male) |
| 4:42 | Queue | Villager (Male) |
| 4:51 | Build | House |
| 4:55 | Queue | Villager (Male) |
| 5:18 | Build | Mining Camp |
| 5:20 | Queue | Militia |
| 5:28 | Queue | Villager (Male) |
| 5:44 | Queue | Villager (Male) |
| 5:49 | Queue | Militia |
| 6:01 | Queue | Villager (Male) |
| 6:14 | Build | Mill |
| 6:21 | Queue | Villager (Male) |
| 6:27 | Queue | Militia |
| 6:38 | Queue | Villager (Male) |
| 6:58 | Queue | Militia |
| 7:04 | Queue | Villager (Male) |
| 7:12 | Build | House |
| 7:14 | Research | Loom |
| 7:17 | Queue | Villager (Male) |
| 7:42 | Build | Mill |
| 7:43 | Queue | Villager (Male) |
| 8:07 | Queue | Villager (Male) |
| 8:09 | Queue | Militia |
| 8:47 | Queue | Villager (Male) |
| 9:00 | Build | Farm |
| 9:02 | Build | Farm |
| 9:06 | Queue | Villager (Male) |
| 9:33 | Build | House |
| 9:34 | Queue | Villager (Male) |
| 9:40 | Queue | Villager (Male) |
| 10:02 | Build | Farm |
| 10:18 | Queue | Villager (Male) |
| 10:29 | Research | Feudal Age |
| 10:44 | Build | House |
| 10:50 | Build | Farm |
| 10:51 | Build | Farm |
| 10:56 | Build | Palisade Wall |
| 10:57 | Build | Palisade Wall |
| 11:00 | Build | Palisade Wall |
| 11:14 | Queue | Villager (Male) |
| 11:20 | Build | House |
| 11:41 | Build | Farm |
| 11:42 | Build | Farm |
| 11:43 | Queue | Militia |
| 11:45 | Queue | Villager (Male) |
| 12:08 | Queue | Militia |
| 12:33 | Age | Feudal Age |
| 12:34 | Research | Man-at-Arms (upgrade) |
| 12:37 | Build | Archery Range |
| 12:43 | Research | Double-Bit Axe |
| 12:44 | Queue | Villager (Male) |
| 13:07 | Research | Horse Collar |
| 13:16 | Queue | Villager (Male) |
| 13:22 | Queue | Skirmisher |
| 13:24 | Build | Farm |
| 13:39 | Queue | Villager (Male) |
| 13:40 | Queue | Skirmisher |
| 13:56 | Build | Lumber Camp |
| 14:12 | Queue | Villager (Male) |
| 14:16 | Queue | Skirmisher |
| 14:32 | Queue | Villager (Male) |
| 14:35 | Build | Farm |
| 14:36 | Build | Farm |
| 14:37 | Build | Farm |
| 14:38 | Queue | Villager (Male) |
| 14:40 | Build | House |
| 14:40 | Build | Palisade Wall |
| 14:42 | Build | Palisade Wall |
| 14:51 | Build | Palisade Wall |
| 15:04 | Queue | Skirmisher |
| 15:12 | Queue | Villager (Male) |
| 15:21 | Build | House |
| 15:22 | Build | Palisade Wall |
| 15:23 | Queue | Skirmisher |
| 15:29 | Queue | Villager (Male) |
| 15:40 | Build | House |
| 15:41 | Build | Palisade Wall |
| 15:44 | Build | Farm |
| 15:45 | Build | Farm |
| 15:49 | Queue | Villager (Male) |
| 15:54 | Queue | Skirmisher |
| 15:55 | Queue | Villager (Male) |
| 15:57 | Build | Palisade Wall |
| 16:24 | Build | Blacksmith |
| 16:25 | Queue | Villager (Male) |
| 16:30 | Build | Palisade Wall |
| 16:54 | Queue | Villager (Male) |
| 16:57 | Queue | Skirmisher |
| 17:08 | Research | Fletching |
| 17:09 | Research | Padded Archer Armor |
| 17:15 | Queue | Skirmisher |
| 17:16 | Queue | Villager (Male) |
| 17:17 | Queue | Villager (Male) |
| 17:18 | Build | Market |
| 17:34 | Build | Farm |
| 17:42 | Queue | Skirmisher |
| 17:48 | Build | Palisade Gate |
| 18:09 | Queue | Villager (Male) |
| 18:12 | Queue | Skirmisher |
| 18:49 | Queue | Spearman |
| 18:56 | Queue | Villager (Male) |
| 19:17 | Queue | Villager (Male) |
| 19:29 | Build | Lumber Camp |
| 19:40 | Queue | Villager (Male) |
| 19:44 | Research | Castle Age |
| 20:39 | Build | Stable |
| 20:56 | Queue | Skirmisher |
| 20:58 | Build | House |
| 21:01 | Research | Scale Barding Armor |
| 21:14 | Build | Palisade Wall |
| 21:25 | Build | Archery Range |
| 21:36 | Research | Bloodlines |
| 21:40 | Queue | Skirmisher |
| 21:42 | Queue | Skirmisher |
| 21:51 | Research | Wheelbarrow |
| 22:06 | Queue | Skirmisher |
| 22:19 | Queue | Skirmisher |
| 22:29 | Age | Castle Age |
| 22:32 | Build | Town Center |
| 22:33 | Research | Elite Skirmisher (upgrade) |
| 22:33 | Research | Bodkin Arrow |
| 22:38 | Research | Bow Saw |
| 22:39 | Build | University |
| 22:55 | Build | Monastery |
| 23:03 | Queue | Skirmisher |
| 23:05 | Queue | Villager (Male) |
| 23:12 | Queue | Villager (Male) |
| 23:21 | Build | House |
| 23:22 | Build | House |
| 23:23 | Build | House |
| 23:24 | Queue | Villager (Male) |
| 23:27 | Queue | Skirmisher |
| 23:28 | Queue | Skirmisher |
| 23:49 | Research | Ballistics |
| 23:52 | Queue | Villager (Male) |
| 24:06 | Queue | Villager (Male) |
Build order — DL | Lich
First 150 of 261 actions detected
| 0:01 | Queue | Villager (Male) |
| 0:02 | Build | House |
| 0:03 | Build | House |
| 0:22 | Queue | Villager (Male) |
| 0:38 | Queue | Villager (Male) |
| 0:39 | Queue | Villager (Male) |
| 0:39 | Queue | Villager (Male) |
| 1:28 | Queue | Villager (Male) |
| 1:28 | Queue | Villager (Male) |
| 1:42 | Queue | Villager (Male) |
| 1:42 | Queue | Villager (Male) |
| 1:44 | Build | Lumber Camp |
| 2:21 | Queue | Villager (Male) |
| 2:21 | Queue | Villager (Male) |
| 2:52 | Queue | Villager (Male) |
| 3:21 | Queue | Villager (Male) |
| 3:22 | Queue | Villager (Male) |
| 3:49 | Queue | Villager (Male) |
| 3:50 | Queue | Villager (Male) |
| 3:51 | Build | House |
| 4:20 | Queue | Villager (Male) |
| 4:29 | Build | House |
| 4:40 | Queue | Villager (Male) |
| 4:40 | Queue | Villager (Male) |
| 4:40 | Queue | Villager (Male) |
| 5:02 | Queue | Villager (Male) |
| 5:02 | Queue | Villager (Male) |
| 5:11 | Build | Mill |
| 5:35 | Queue | Villager (Male) |
| 5:45 | Queue | Villager (Male) |
| 6:10 | Research | Loom |
| 6:15 | Build | Barracks |
| 6:25 | Build | House |
| 6:33 | Build | Palisade Wall |
| 6:33 | Build | Palisade Wall |
| 6:35 | Build | Palisade Wall |
| 7:15 | Queue | Villager (Male) |
| 7:41 | Research | Feudal Age |
| 8:05 | Queue | Militia |
| 8:05 | Queue | Militia |
| 8:14 | Queue | Villager (Male) |
| 8:23 | Queue | Villager (Male) |
| 8:54 | Build | Farm |
| 8:55 | Build | Farm |
| 8:56 | Queue | Militia |
| 9:07 | Build | Farm |
| 9:24 | Build | Mining Camp |
| 9:34 | Build | House |
| 9:46 | Queue | Militia |
| 9:51 | Age | Feudal Age |
| 9:59 | Build | Farm |
| 10:19 | Queue | Villager (Male) |
| 10:22 | Build | Archery Range |
| 10:37 | Build | Farm |
| 10:43 | Queue | Villager (Male) |
| 10:55 | Build | Farm |
| 11:04 | Build | House |
| 11:17 | Queue | Archer |
| 11:17 | Queue | Archer |
| 11:20 | Queue | Villager (Male) |
| 11:45 | Queue | Villager (Male) |
| 12:15 | Queue | Archer |
| 12:26 | Build | Farm |
| 12:31 | Build | Farm |
| 12:33 | Build | Farm |
| 12:34 | Queue | Archer |
| 12:42 | Build | Watch Tower |
| 12:53 | Queue | Villager (Male) |
| 12:53 | Queue | Archer |
| 13:28 | Queue | Villager (Male) |
| 13:34 | Build | Blacksmith |
| 13:34 | Queue | Villager (Male) |
| 13:46 | Queue | Archer |
| 13:46 | Queue | Archer |
| 13:58 | Build | Palisade Wall |
| 13:59 | Queue | Villager (Male) |
| 14:17 | Queue | Archer |
| 14:27 | Queue | Villager (Male) |
| 14:31 | Build | Farm |
| 14:33 | Queue | Villager (Male) |
| 14:37 | Queue | Archer |
| 14:46 | Queue | Villager (Male) |
| 14:53 | Research | Fletching |
| 14:53 | Research | Fletching |
| 14:57 | Build | Mill |
| 15:04 | Build | Palisade Wall |
| 15:08 | Build | House |
| 15:15 | Build | House |
| 15:19 | Build | Palisade Wall |
| 15:20 | Queue | Villager (Male) |
| 15:34 | Queue | Villager (Male) |
| 15:38 | Queue | Skirmisher |
| 15:41 | Queue | Archer |
| 15:48 | Queue | Villager (Male) |
| 15:52 | Build | House |
| 16:11 | Build | Farm |
| 16:17 | Queue | Skirmisher |
| 16:25 | Research | Padded Archer Armor |
| 16:25 | Research | Padded Archer Armor |
| 16:25 | Research | Padded Archer Armor |
| 16:48 | Queue | Skirmisher |
| 16:55 | Queue | Archer |
| 17:07 | Queue | Villager (Male) |
| 17:14 | Build | House |
| 17:32 | Queue | Villager (Male) |
| 17:35 | Research | Double-Bit Axe |
| 17:35 | Research | Double-Bit Axe |
| 17:35 | Research | Horse Collar |
| 17:40 | Queue | Villager (Male) |
| 17:43 | Build | Farm |
| 17:51 | Build | House |
| 17:52 | Queue | Archer |
| 18:26 | Queue | Villager (Male) |
| 18:27 | Queue | Skirmisher |
| 18:34 | Queue | Skirmisher |
| 19:02 | Build | House |
| 19:21 | Queue | Villager (Male) |
| 19:23 | Queue | Villager (Male) |
| 19:58 | Queue | Villager (Male) |
| 20:01 | Build | Market |
| 21:06 | Research | Castle Age |
| 21:11 | Build | Archery Range |
| 21:14 | Queue | Archer |
| 21:22 | Queue | Villager (Male) |
| 21:36 | Build | Lumber Camp |
| 21:39 | Build | House |
| 21:55 | Research | Horse Collar |
| 21:55 | Research | Horse Collar |
| 21:56 | Research | Horse Collar |
| 21:57 | Research | Gold Mining |
| 21:57 | Research | Gold Mining |
| 21:58 | Queue | Archer |
| 21:58 | Queue | Archer |
| 21:58 | Queue | Archer |
| 22:21 | Build | House |
| 22:27 | Queue | Archer |
| 22:27 | Queue | Archer |
| 23:01 | Queue | Villager (Male) |
| 23:01 | Queue | Archer |
| 23:24 | Queue | Villager (Male) |
| 23:25 | Queue | Archer |
| 23:46 | Age | Castle Age |
| 23:52 | Research | Crossbowman (upgrade) |
| 23:52 | Research | Bodkin Arrow |
| 23:52 | Research | Bodkin Arrow |
| 23:52 | Research | Bodkin Arrow |
| 24:00 | Build | University |
| 24:24 | Build | Lumber Camp |
| 24:29 | Build | Farm |
| 24:34 | Queue | Villager (Male) |
Match timeline
| 1:57 | Sir Poopsalot · wall_segment Palisade Wall x1 |
| 2:04 | Sir Poopsalot · wall_segment Palisade Wall x1 |
| 3:50 | Sir Poopsalot · first_building Barracks |
| 6:15 | DL | Lich · first_building Barracks |
| 6:33 | DL | Lich · wall_segment Palisade Wall x1 |
| 6:33 | DL | Lich · wall_segment Palisade Wall x1 |
| 6:35 | DL | Lich · wall_segment Palisade Wall x1 |
| 9:51 | DL | Lich · age_up feudal |
| 10:22 | DL | Lich · first_building Archery Range |
| 10:56 | Sir Poopsalot · wall_segment Palisade Wall x1 |
| 10:57 | Sir Poopsalot · wall_segment Palisade Wall x1 |
| 11:00 | Sir Poopsalot · wall_segment Palisade Wall x1 |
| 12:33 | Sir Poopsalot · age_up feudal |
| 12:37 | Sir Poopsalot · first_building Archery Range |
| 13:58 | DL | Lich · wall_segment Palisade Wall x10 |
| 14:40 | Sir Poopsalot · wall_segment Palisade Wall x4 |
| 14:42 | Sir Poopsalot · wall_segment Palisade Wall x10 |
| 14:51 | Sir Poopsalot · wall_segment Palisade Wall x10 |
| 15:04 | DL | Lich · wall_segment Palisade Wall x4 |
| 15:19 | DL | Lich · wall_segment Palisade Wall x11 |
| 15:22 | Sir Poopsalot · wall_segment Palisade Wall x18 |
| 15:41 | Sir Poopsalot · wall_segment Palisade Wall x7 |
| 15:57 | Sir Poopsalot · wall_segment Palisade Wall x1 |
| 16:30 | Sir Poopsalot · wall_segment Palisade Wall x1 |
| 19:06 | Sir Poopsalot · first_market_buy 100 food |
| 19:26 | Sir Poopsalot · first_market_sell 100 wood |
| 20:39 | Sir Poopsalot · first_building Stable |
| 21:04 | DL | Lich · first_market_buy 100 food |
| 21:14 | Sir Poopsalot · wall_segment Palisade Wall x1 |
| 22:29 | Sir Poopsalot · age_up castle |
| 22:55 | Sir Poopsalot · first_building Monastery |
| 23:46 | DL | Lich · age_up castle |
| 28:59 | DL | Lich · first_building Siege Workshop |
| 34:39 | Sir Poopsalot · first_building Castle |
| 35:23 | DL | Lich · resign |
[ AI ANALYSIS · 1 CREDIT ]
What really happened in this match?
Wolo.gg analyzes every decision: build order, eco, micro, common mistakes by bracket. Personalized analysis on WhatsApp or Discord in 30 seconds.
Civ guide
Persians
Perfil
Jugador #5764955